 Dungeon Crawl Stone Soup version 0.27-a0-1200-g94dc6ad4cf (webtiles) character file.

Game seed: 10601634979016954726

117 quinnr the Firebug (level 5, 0/31 HPs)
             Began as an Octopode Fire Elementalist on May 30, 2021.
             Was a Believer of Vehumet.
             Slain by a hound (5 damage)
             ... on level 3 of the Dungeon.
             The game lasted 00:09:02 (3500 turns).

quinnr the Firebug (Octopode Fire Elementalist)     Turns: 3500, Time: 00:09:03

Health: 0/31       AC:  1    Str:  6 (8)  XL:     5   Next: 1%
Magic:  1/9        EV: 13    Int: 14 (17) God:    Vehumet [**....]
Gold:   99         SH:  0    Dex: 11 (13) Spells: 5/10 levels left

rFire    . . .     SeeInvis .   d - staff of air
rCold    . . .     Faith    .   (no shield)
rNeg     . . .     Spirit   .   (helmet restricted)
rPois    .         Reflect  .   (no amulet)
rElec    +         Harm     .   (no ring)
rCorr    .         Rampage  .   (no ring)
Will     .....                  (no ring)
Stlth    +++.......             (no ring)
HPRegen  0.10/turn              (no ring)
MPRegen  0.11/turn              (no ring)
                                (no ring)
                                (no ring)

@: hasted, very quick
A: almost no armour, amphibious, 8 rings, camouflage 1, gelatinous body 1,
(nimble swimmer 1), tentacles
a: Renounce Religion


You were on level 3 of the Dungeon.
You worshipped Vehumet.
Vehumet was pleased with you.
You visited 1 branch of the dungeon, and saw 3 of its levels.

You collected 99 gold pieces.

Inventory:

Missiles
 f - 58 stones
 l - 18 poisoned darts
Magical Staves
 d - a staff of air (weapon)
Jewellery
 g - an amulet of magic regeneration
Scrolls
 a - 3 scrolls of identify {unknown}
 j - a scroll of blinking {unknown}
 n - a scroll of fear {unknown}
Potions
 b - a potion of ambrosia {unknown}
 c - a potion of berserk rage {unknown}
 e - a potion of haste
 h - a potion of degeneration
 i - a potion of curing {unknown}
 k - a potion of attraction {unknown}
 m - a potion of invisibility {unknown}
 o - a potion of cancellation {unknown}
 p - a potion of mutation {unknown}
 q - 2 potions of brilliance {unknown}
 r - a potion of lignification {unknown}


   Skills:
 + Level 0.3 Throwing
 - Level 2.0 Dodging
 - Level 3.0 Stealth
 - Level 3.0 Spellcasting
 + Level 2.8 Conjurations
 - Level 3.1 Fire Magic
 + Level 1.9 Air Magic


You had 5 spell levels left.
You knew the following spells:

 Your Spells              Type           Power      Damage    Failure   Level
a - Foxfire               Conj/Fire      40%        2x1d6     6%          1
b - Shock                 Conj/Air       52%        1d6       8%          1
c - Conjure Flame         Conj/Fire      10%        6-21      19%         3

Your spell library contained the following spells:

 Spells                   Type           Power      Damage    Failure   Level
 Sandblast                Erth           4%         2d4       22%         1
 Inner Flame              Hex/Fire       6%         N/A       34%         3
 Confusing Touch          Hex            2%         N/A       54%         3
 Gell's Gravitas          Tloc           1%         N/A       54%         3
 Sticky Flame             Conj/Fire      10%        2d3       54%         4
 Fireball                 Conj/Fire      5%         3d5       87%         5
 Petrify                  Tmut/Erth      2%         N/A       91%         4
 Metabolic Englaciation   Hex/Ice        1%         N/A       99%         5
 Yara's Violent Unravell  Hex/Tmut       1%         3d3       99%         5


Dungeon Overview and Level Annotations

Branches:
Dungeon (3/15)

Altars:
Dithmenos
Vehumet

Annotations:
D:2 1 runed translucent door, Crazy Yiuf, Sigmund


Innate Abilities, Weirdness & Mutations

You cannot wear most types of armour.
You are amphibious.
You can wear up to eight rings at the same time.
Your skin changes colour to match your surroundings (Stealth+).
Your rubbery body absorbs attacks. (AC +1, EV +1)
((You are camouflaged near water. (Stealth+)))
You have tentacles for arms and can constrict up to eight enemies at once.


Message History

The adder is heavily wounded.
The foxfire hits the adder.
You kill the adder!
Vehumet accepts your kill.
You have reached level 5!
You feel stronger.
Casting: Foxfire (safe; 5% risk of failure)
Confirm with . or Enter, or press ? or * to list all spells.
Aiming: Shock (safe; 6% risk of failure)
Press: ? - help, Shift-Dir - straight line, f - hound
Aim: a hound (60% to hit)
You feel a surge of power!
The zap misses the hound.
The foxfire hits the hound.
The hound is moderately wounded.
The foxfire hits the hound.
The hound is moderately wounded.
Casting: Shock (safe; 6% risk of failure)
Confirm with . or Enter, or press ? or * to list all spells.
Aiming: Shock (safe; 6% risk of failure)
Press: ? - help, Shift-Dir - straight line, f/p - hound
Aim: a hound (moderately wounded, 60% to hit)
You feel a surge of power!
You miscast Shock.
You are very lightly contaminated with residual magic.
Nothing appears to happen.
The hound bites you.
Unknown command.
The hound bites you. The hound misses you.
Your magical contamination has completely faded away.
The hound bites you. The hound bites you. The hound bites you.
* * * LOW HITPOINT WARNING * * *
It was a potion of degeneration.
There was something very wrong with that liquid.
You feel weakened.
You feel dopey.
You feel clumsy. The hound barely misses you.
It was a potion of haste.
You feel yourself speed up. The hound bites you.
* * * LOW HITPOINT WARNING * * *
The hound bites you.
You die...

#.... #.##....##..#
#....##.##....##..#
....'#...#'÷...#..#
#####†....######..#
..................#
##...........###.##
.##.........##.#.#
[.##.......##..#h#
...'.......'.[.#@#
..##.......##..#.#
.##....#....##.#.#
..#..##'##..#..#.#
#.#.##...##.#.##.#
###.#######.####.#
.................#
.............#####
##############


You could see a hound.

Vanquished Creatures
  A gnoll (D:1)
  3 adders
  2 worms (D:3)
  A dart slug (D:1)
  4 bats
  8 endoplasms
  5 giant cockroaches
  5 goblins
  7 hobgoblins
  7 jackals
  5 kobolds
  4 quokkas
  7 ball pythons
  2 frilled lizards
61 creatures vanquished.

Vanquished Creatures (others)
  94 foxfires
  5 plants (D:3)
99 creatures vanquished.

Grand Total: 160 creatures vanquished

Notes
Turn   | Place    | Note
-------+----------+-------------------------------------------
     0 | D:1      | quinnr the Octopode Fire Elementalist began the quest for
                  | the Orb.
     0 | D:1      | Reached XP level 1. HP: 11/11 MP: 3/3
   191 | D:1      | Reached XP level 2. HP: 11/17 MP: 0/5
   523 | D:1      | Found a faded altar of an unknown god.
   573 | D:1      | Became a worshipper of Vehumet
   573 | D:1      | Reached * piety under Vehumet
   573 | D:1      | Offered knowledge of Shock by Vehumet.
   576 | D:1      | Learned a level 1 spell: Shock
   761 | D:1      | Reached XP level 3. HP: 21/21 MP: 6/6
  1719 | D:2      | Offered knowledge of Sandblast by Vehumet.
  1863 | D:2      | Reached ** piety under Vehumet
  1864 | D:2      | Reached skill level 1 in Air Magic
  1946 | D:2      | Reached XP level 4. HP: 27/27 MP: 2/8
  2029 | D:2      | Learned a level 3 spell: Conjure Flame
  2256 | D:2      | Noticed Sigmund
  2497 | D:2      | Found a runed translucent door.
  2498 | D:2      | Noticed Crazy Yiuf
  3087 | D:3      | Found a shadowy altar of Dithmenos.
  3486 | D:3      | Reached XP level 5. HP: 31/31 MP: 2/9
  3500 | D:3      | Slain by a hound

Illustrated notes

Levels and vault maps discovered:
D:1:      dpeg_arrival_court, layout_basic, hellmonk_ecumenical_altar_zigzags,
          st_stairs_14, minmay_misc_feat_square, minmay_misc_feat_four_crosses
D:2:      layout_basic, lemuel_another_geyser, uniq_crazy_yiuf_cottage,
          uniq_sigmund
D:3:      layout_loops_cross, zin_angel, nicolae_overflow_crystal_walls,
          serial_forest, infiniplex_forest_end_double, infiniplex_forest_end_2,
          infiniplex_forest_clump_small, infiniplex_forest_straight_2,
          infiniplex_forest_3_way, infiniplex_forest_end_2,
          infiniplex_forest_lined_2, infiniplex_forest_join,
          infiniplex_forest_clump_medium, minmay_pentangle

Skill      XL: |  1  2  3  4 |
---------------+-------------+-----
Stealth        | 3 |  3.0
Conjurations   | 2 |  2.8
Air Magic      | 1 |  1.9
Spellcasting   | 3 |  3.0
Throwing       | |  0.3
Dodging        | |  2.0
Fire Magic     | |  3.1

Action                   |  1- 3 |  4- 6 || total
-------------------------+-------+-------++-------
Melee: Unarmed           |    12 |       ||    12
       Constrict         |     4 |     1 ||     5
       Tentacles         |     3 |     2 ||     5
       Staff             |     3 |     2 ||     5
 Cast: Foxfire           |    45 |    13 ||    58
       Shock             |    33 |    35 ||    68
  Use: Potion            |       |     2 ||     2
 Stab: Sleeping          |     1 |       ||     1
Armor: Skin              |     3 |       ||     3
Dodge: Dodged            |    14 |     9 ||    23

Table legend: (Time is in decaauts)
 A = Elapsed time spent in this place.
 B = Non-inter-level travel time spent in this place.
 C = Inter-level travel time spent in this place.
 D = Time resting spent in this place.
 E = Time spent auto-exploring this place.
 F = Levels seen in this place.
 G = Mean time per level.
                   A        B        C        D        E       F      G
               +--------+--------+--------+--------+--------+-----+--------+
         Total |   3502 |   3395 |    107 |    399 |   2524 |   3 | 1167.3 |
       Dungeon |   3502 |   3395 |    107 |    399 |   2524 |   3 | 1167.3 |
               +--------+--------+--------+--------+--------+-----+--------+

Top non-repeatable levels by time:
     D:1: 1656 daAuts
     D:2: 1257 daAuts
     D:3: 588 daAuts
